AoeStats
← DrMapp3000

Arabia

509715016Analyzed
2v2 RM · 5d ago on Sep 27, 2026· 82m 47s· 4 players
Game mode
Random Map
Map size
Medium (4 player)
Population
200
Speed
Normal
Resources
Standard
Victory
Conquest
Starting age
Dark Age
Ending age
Imperial Age
RankedLock teamsTeams togetherTeam positionsShared explorationLock speedFull tech treeHidden civsTurbo modeCheats
Victory
Defeat
🇺🇸 Saxons · United States
451
+21
🇺🇸 Danes · United States
433
+21
🇦🇷 Inca · Argentina
603
-29
🇺🇸 Varangians · United States
514
-19
Metalhead6474
1:01 Loom
13:06 Feudal Age
14:57 Horse Collar
15:05 Double-Bit Axe
16:09 Wheelbarrow
22:22 Castle Age
23:05 Heavy Plow
23:24 Bow Saw
25:27 Hand Cart
29:19 Imperial Age
30:58 Crop Rotation
36:47 Chemistry
36:54 Caravan
38:56 Forging
38:21 Cranequins
38:49 Vendel Legacy
40:58 Conscription
41:58 Gambesons
42:14 Squires
42:00 Arson
45:32 Iron Casting
45:51 Gothikon
45:53 Elite Jarl
47:36 Blast Furnace
47:02 Bloodlines
46:52 Husbandry
46:14 Light Cavalry
47:08 Elite Varangian Guard
49:04 Town Watch
48:59 Hussar
50:09 Heavy Mounted Crossbowman
50:23 Capped Ram
50:44 Elite Skirmisher
52:06 Fletching
52:37 Masonry
53:58 Scale Barding Armor
56:49 Coinage
56:30 Guilds
57:18 Chain Barding Armor
62:44 Pikeman
63:20 Halberdier
65:46 Banking
65:34 Scale Mail Armor
65:31 Bodkin Arrow
66:13 Architecture
66:23 Ballistics
68:43 Bracer
71:46 Town Patrol
72:15 Padded Archer Armor
72:31 Chain Mail Armor
73:13 Leather Archer Armor
73:15 Siege Ram
77:29 Ring Archer Armor
77:32 Plate Mail Armor
77:39 Plate Barding Armor
78:12 Siege Engineers
78:22 Fortified Wall
templarioclero
14:20 Feudal Age
18:58 Wheelbarrow
18:22 Horse Collar
18:28 Double-Bit Axe
20:44 Scale Mail Armor
20:55 Forging
22:06 Loom
22:07 Town Watch
27:09 Castle Age
25:08 Gold Mining
25:09 Stone Mining
28:33 Padded Archer Armor
28:24 Fletching
28:00 Champi Runner
28:27 Arson
31:55 Bow Saw
31:46 Heavy Plow
32:25 Stone Shaft Mining
32:25 Gold Shaft Mining
33:22 Chain Mail Armor
33:45 Iron Casting
33:27 Leather Archer Armor
33:08 Bodkin Arrow
33:36 Hand Cart
35:59 Imperial Age
35:04 Elite Skirmisher
35:05 Crossbowman
35:52 Thumb Ring
35:14 Pikeman
35:57 Squires
36:22 Champi Warrior
39:06 Andean Sling
38:37 Sappers
39:46 Hoardings
40:22 Elite Kamayuk
41:07 Arbalester
41:59 Treadmill Crane
42:57 Conscription
44:22 Ballistics
44:27 Siege Engineers
44:21 Murder Holes
45:42 Chemistry
55:42 Halberdier
58:04 Blast Furnace
57:04 Bracer
57:36 Plate Mail Armor
72:29 Heavy Scorpion
72:31 Capped Ram
72:32 Onager
76:25 Ring Archer Armor
76:22 Fabric Shields
76:37 Siege Ram
78:49 Elite Champi Warrior
Spinosaurus320
0:30 Loom
10:02 Feudal Age
10:38 Double-Bit Axe
13:31 Horse Collar
23:46 Castle Age
22:07 Gold Mining
23:03 Forging
22:46 Fletching
23:00 Padded Archer Armor
24:07 Forging
23:59 Scale Mail Armor
24:29 Forging
25:01 Bow Saw
24:56 Heavy Plow
26:49 Town Watch
29:46 Bodkin Arrow
30:59 Gold Shaft Mining
31:09 Leather Archer Armor
31:06 Stone Mining
31:11 Elite Skirmisher
32:16 Crossbowman
34:23 Wheelbarrow
33:57 Stone Mining
35:47 Ballistics
40:13 Imperial Age
38:21 Caravan
42:31 Ring Archer Armor
42:17 Bracer
42:26 Arbalester
43:35 Thumb Ring
45:37 Fortified Wall
46:45 Chemistry
46:30 Conscription
47:23 Iron Casting
48:37 Two-Man Saw
48:13 Crop Rotation
49:00 Chain Mail Armor
51:36 Hand Cart
51:27 Town Patrol
50:54 Elite Hearth Troop
51:07 Shield Wall
52:29 Plate Mail Armor
57:17 Man-at-Arms
57:20 Elite Varangian Guard
57:46 Gambesons
58:02 Squires
57:48 Arson
58:55 Pikeman
59:36 Halberdier
76:20 Masonry
76:18 Siege Engineers
75:59 Arrowslits
76:05 Guard Tower
DrMapp3000
0:30 Loom
12:53 Feudal Age
14:19 Double-Bit Axe
16:49 Wheelbarrow
17:07 Gold Mining
26:10 Castle Age
26:16 Arson
27:49 Stone Mining
29:16 Squires
29:02 Gambesons
29:46 Man-at-Arms
31:46 Stone Shaft Mining
33:06 Hand Cart
33:40 Bow Saw
34:49 Gold Shaft Mining
38:06 Caravan
42:47 Imperial Age
41:16 Scale Mail Armor
41:26 Forging
41:18 Padded Archer Armor
43:10 Coinage
43:19 Long Swordsman
45:25 Banking
45:00 Murder Holes
46:37 Chain Mail Armor
46:28 Scale Barding Armor
46:14 Fletching
47:07 Town Watch
48:25 Onager
50:47 Hoardings
51:44 Elite Varangian Guard
55:02 Two-Handed Swordsman
59:56 Plate Mail Armor
60:02 Iron Casting
60:44 Leather Archer Armor
61:27 Champion
64:04 Ring Archer Armor
69:23 Conscription
82:16 Siege Onager
Connection lost

Rejoining the realm…

Still unreachable

The connection could not be restored.

Session expired

The server has moved on; the page needs a fresh start.